 Dungeon Crawl Stone Soup version 0.24.0-123-gd5b16e6ec5 (webtiles) character file.

Game seed: 15333138073749452331, levelgen mode: deterministic

346 Delamore the Cleaver (level 6, -3/51 HPs)
             Began as a Hill Orc Fighter on Dec 28, 2019.
             Slain by Duvessa
             ... wielding a cursed -2 short sword
              (8 damage)
             ... on level 4 of the Dungeon.
             The game lasted 00:04:07 (2751 turns).

Delamore the Cleaver (Hill Orc Fighter)             Turns: 2751, Time: 00:04:07

Health: -3/51      AC:  9    Str: 21    XL:     6   Next: 59%
Magic:  6/6        EV:  7    Int:  8    God:
Gold:   159        SH:  9    Dex: 13    Spells: 5/5 levels left

rFire    . . .     SeeInvis .   a - +0 war axe
rCold    . . .     Gourm    .   c - +0 shield
rNeg     . . .     Faith    .   b - +0 scale mail
rPois    .         Spirit   .   (no helmet)
rElec    .         Reflect  .   e - +1 cloak
rCorr    .         Harm     .   (no gloves)
MR       .....                  (no boots)
Stlth    ..........             (no amulet)
HPRegen  0.17/turn              h - +3 ring of dexterity
MPRegen  0.10/turn              (no ring)

@: no status effects
A: no striking features
a: no special abilities


You were on level 4 of the Dungeon.
You were hungry.

You visited 1 branch of the dungeon, and saw 4 of its levels.

You collected 159 gold pieces.

Inventory:

Hand Weapons
 a - a +0 war axe (weapon)
Armour
 b - a +0 scale mail (worn)
 c - a +0 shield (worn)
 e - a +1 cloak (worn)
Jewellery
 h - a +3 ring of dexterity (left hand)
 m - an uncursed ring of fire
 p - a +5 ring of strength {unknown}
Scrolls
 i - 4 scrolls of identify {unknown}
 n - a scroll of fear {unknown}
Potions
 d - 2 potions of might
 g - a potion of brilliance {unknown}
 j - a potion of curing
 k - 3 potions of flight {unknown}
 o - 2 potions of resistance {unknown}
Comestibles
 f - 7 rations
 l - 11 chunks of flesh


   Skills:
 - Level 3.6 Fighting
 + Level 9.0 Axes
 - Level 3.2 Armour
 - Level 3.2 Shields


You had 5 spell levels left.
You didn't know any spells.
Your spell library was empty.

Dungeon Overview and Level Annotations

Branches:
Dungeon (4/15)
 Temple: D:4-7

Altars:
Ashenzari
Hepliaklqana
Nemelex Xobeh
Ru
Sif Muna
Uskayaw
Xom
Yredelemnul

Annotations:
D:4 Duvessa


Message History

You barely miss Duvessa.
Duvessa is severely wounded.
Duvessa hits you with a cursed -2 short sword.
* * * LOW HITPOINT WARNING * * *
Duvessa completely misses you.
You hit Duvessa.
Duvessa is severely wounded.
Duvessa hits you but does no damage.
You barely miss Duvessa.
Duvessa is severely wounded.
Duvessa hits you with a cursed -2 short sword.
* * * LOW HITPOINT WARNING * * *
Duvessa hits you with a cursed -2 short sword!
* * * LOW HITPOINT WARNING * * *
Okay, then.
Your shield and scale mail prevent you from hitting Duvessa.
Duvessa is severely wounded.
You block Duvessa's attack.
Duvessa hits you with a cursed -2 short sword!
You die...

##....># # .(.....
..##.....# .>.......#
#........# #.##....)#
#.##..)e.###### #.#
#@......# #########.#
##.#####.#
#.......#.####...####..
#.#####................
#.#######.####...######
#.##......# ##.##
#.##.###### #.# #.##.#
#.# ##.##.# #.#


You could see Duvessa (berserk).

Vanquished Creatures
  Dowan (D:4)
  2 hounds (D:4)
  An iguana (D:4)
  An orc wizard (D:4)
  A hound skeleton (D:4)
  3 gnolls (D:3)
  5 adders
  2 worms
  A dart slug (D:3)
  2 leopard geckos
  5 orcs
  6 giant cockroaches
  10 goblins
  7 hobgoblins
  2 jackals (D:3)
  14 kobolds
  A quokka (D:4)
  9 bats
  12 frilled lizards
  9 rats
94 creatures vanquished.

Notes
Turn   | Place    | Note
-------+----------+-------------------------------------------
     0 | D:1      | Delamore the Hill Orc Fighter began the quest for the Orb.
     0 | D:1      | Reached XP level 1. HP: 19/19 MP: 1/1
    33 | D:1      | Reached skill level 3 in Axes
    74 | D:1      | Reached XP level 2. HP: 26/26 MP: 2/2
   164 | D:1      | Reached skill level 4 in Axes
   343 | D:1      | Reached XP level 3. HP: 30/31 MP: 3/3
   727 | D:2      | Reached skill level 5 in Axes
   984 | D:2      | Found a shattered altar of Ashenzari.
  1050 | D:2      | Found a hazy altar of Hepliaklqana.
  1050 | D:2      | Found a sparkling altar of Nemelex Xobeh.
  1066 | D:2      | Reached XP level 4. HP: 30/39 MP: 4/4
  1115 | D:2      | Reached skill level 6 in Axes
  1385 | D:2      | Found a sacrificial altar of Ru.
  1387 | D:2      | Found a basalt altar of Yredelemnul.
  1396 | D:2      | Found a hide-covered altar of Uskayaw.
  1397 | D:2      | Found a shimmering altar of Xom.
  1398 | D:2      | Found a shimmering blue altar of Sif Muna.
  1676 | D:3      | Reached XP level 5. HP: 29/45 MP: 5/5
  1748 | D:3      | Reached skill level 7 in Axes
  2520 | D:4      | Reached skill level 8 in Axes
  2520 | D:4      | Reached XP level 6. HP: 37/51 MP: 6/6
  2730 | D:4      | Noticed Duvessa
  2730 | D:4      | Noticed Dowan
  2746 | D:4      | Killed Dowan
  2746 | D:4      | Reached skill level 9 in Axes
  2751 | D:4      | Slain by Duvessa

Levels and vault maps discovered:
D:1:      dpeg_arrival_chase, layout_loops_ring
D:2:      layout_loops_ring, ashenzari_conservatory_becter,
          chequers_temple_overflow_statue_of_worship, minitemple, first_ration,
          minmay_close_crescents
D:3:      layout_basic, minivault_23
D:4:      layout_loops_ring, serial_shops, shop, kennysheep_another_room,
          kennysheep_generic_room_4, uniq_duvessa

Skill      XL: |  1  2  3  4  5  6 |
---------------+-------------------+-----
Axes           | 3 4 5 6 8 9 |  9.0
Fighting       | |  3.6
Armour         | |  3.2
Shields        | |  3.2

Action                   |  1- 3 |  4- 6 || total
-------------------------+-------+-------++-------
Melee: War axe           |   129 |   192 ||   321
  Eat: Chunk             |     1 |     5 ||     6
Armor: Scale mail        |    57 |    76 ||   133
Dodge: Dodged            |    41 |    63 ||   104
Block: Shield            |    64 |   108 ||   172
